Map: Eternal Empire LE

Players

Silky - Winner!

  • Race: Zerg Zerg
  • Spawn Location: 1:00

Cuddlebear

  • Race: Terran Terran
  • League: Master
  • Spawn Location: 7:00

Event: DreamHack SC2 Masters 2020 Fall

VOD

Have the link to the VOD?

Description

Time

  • Played on: Sept. 6, 2020, 3:13 p.m.
  • Length: 16:19

All games in this series

Show
View Real Time Build Order
Export as new Build Order

Silky Zerg - Winner!

Build Orders: Pool First, Muta Ling Bane 

Get SALT Encoding   

  12  0:00  Drone  
  13  0:12  Overlord  
  13  0:17  Drone  
  14  0:30  Drone x2  
  16  0:40  Spawning Pool  
  15  0:44  Drone  
  15  0:48  Drone  
  17  1:08  Hatchery  
  16  1:11  Drone  
  17  1:26  Extractor  
  17  1:27  Zergling x4  
  17  1:28  Zergling x2  
  17  1:32  Queen  
  21  1:39  Overlord  
  21  1:50  Drone  
  22  2:00  Drone  
  23  2:07  Queen  
  25  2:15  Drone  
  26  2:20  Drone  
  26  2:22  Drone  
  28  2:28  Metabolic Boost  
  28  2:31  Drone  
  28  2:32  Drone  
  30  2:39  Drone  
  31  2:48  Overlord  
  31  2:49  Hatchery  
  30  2:53  Drone  
  31  2:59  Queen  
  31  3:02  Drone  
  34  3:06  Drone  
  34  3:10  Drone  
  34  3:11  Drone x2  
  38  3:14  Drone  
  38  3:17  Drone  
  38  3:18  Drone  
  41  3:22  Overlord  
  41  3:25  Drone  
  43  3:27  Drone  
  43  3:32  Drone  
  44  3:40  Queen, Overlord  
  46  3:44  Drone  
  46  3:45  Baneling Nest  
  46  3:47  Overlord  
  46  3:50  Drone  
  46  3:51  Drone  
  46  3:53  Drone  
  49  3:56  Zergling x4  
  49  3:59  Drone  
  49  4:02  Overlord  
  52  4:07  Drone x2  
  54  4:10  Lair  
  54  4:14  Queen  
  56  4:18  Drone, Spore Crawler  
  56  4:21  Drone x2  
  58  4:31  Zergling x8  
  60  4:32  Drone x2  
  60  4:33  Drone  
  60  4:35  Drone x2  
  60  4:38  Spore Crawler  
  65  4:39  Spore Crawler  
  65  4:41  Drone  
  65  4:43  Drone  
  65  4:44  Drone x2  
  68  4:47  Drone  
  68  4:50  Drone x3  
  72  4:54  Extractor  
  72  4:55  Extractor  
  72  4:56  Queen  
  72  4:58  Drone  
  72  4:59  Drone  
  74  5:01  Overlord  
  74  5:07  Extractor  
  74  5:09  Overseer  
  74  5:13  Queen, Spore Crawler  
  74  5:16  Baneling x4  
  74  5:23  Drone x7  
  74  5:24  Drone  
  74  5:25  Overlord x2  
  82  5:29  Overlord  
  82  5:32  Extractor  
  82  5:33  Extractor  
  80  5:36  Queen  
  80  5:37  Spore Crawler  
  81  5:43  Drone  
  81  5:44  Drone x2  
  81  5:48  Queen  
  81  5:49  Spire  
  85  5:52  Zergling x6  
  81  5:57  Zergling x4  
  81  5:58  Zergling x4  
  81  6:03  Zergling x8  
  79  6:12  Drone  
  79  6:13  Drone x3  
  79  6:17  Drone x3  
  84  6:24  Drone  
  84  6:29  Drone x2  
  84  6:36  Drone  
  84  6:38  Drone x2  
  87  6:51  Zergling x4  
  87  6:52  Zergling x2  
  87  6:53  Hatchery  
  89  6:55  Drone x3  
  89  6:58  Queen  
  94  7:02  Mutalisk x4  
  94  7:04  Mutalisk x2  
  104  7:08  Zerg Flyer Weapons Level 1  
  104  7:10  Centrifical Hooks  
  104  7:15  Evolution Chamber x2  
  102  7:16  Overlord  
  102  7:22  Overlord  
  102  7:26  Overlord  
  102  7:28  Drone  
  102  7:29  Drone  
  104  7:30  Roach Warren  
  104  7:31  Drone x2  
  104  7:34  Overlord x2  
  105  7:38  Drone x2  
  105  7:41  Zerg Melee Weapons Level 1, Zerg Missile Weapons Level 1  
  105  7:43  Drone x3  
  110  7:47  Drone  
  110  7:48  Drone  
  113  7:51  Drone x3  
  113  7:54  Drone  
  116  7:59  Drone  
  116  8:00  Baneling x6  
  116  8:02  Drone  
  118  8:06  Drone x2  
  118  8:07  Spore Crawler  
  118  8:09  Drone  
  118  8:12  Glial Reconstitution  
  120  8:16  Infestation Pit, Pneumatized Carapace  
  120  8:17  Hatchery  
  120  8:18  Drone x5  
  123  8:22  Unknown  
  120  8:30  Overlord  
  120  8:31  Drone  
  120  8:32  Drone x5  
  120  8:34  Roach x3  
  131  8:35  Baneling x3  
  131  8:36  Baneling x8  
  129  8:45  Corruptor x3  
  135  8:53  Corruptor x3  
  141  9:01  Roach  
  141  9:02  Roach x6  
  149  9:06  Zergling x2  
  149  9:07  Zergling x10  
  149  9:09  Baneling x4  
  154  9:13  Overlord x2  
  154  9:17  Hive  
  154  9:19  Overlord x2  
  154  9:22  Corruptor  
  156  9:27  Zergling x8  
  156  9:28  Overlord  
  153  9:39  Drone x5  
  153  9:40  Drone  
  153  9:43  Corruptor  
  161  9:47  Roach x4  
  161  9:51  Ravager  
  161  9:52  Ravager x7  
  177  9:53  Hatchery  
  177  9:58  Drone x6  
  177  9:59  Drone  
  183  10:00  Extractor x2, Spine Crawler  
  183  10:01  Spine Crawler, Zergling x2  
  180  10:09  Drone x2  
  180  10:12  Zergling x20  
  180  10:14  Zerg Flyer Weapons Level 2  
  192  10:17  Zerg Melee Weapons Level 2  
  192  10:21  Zergling x12  
  198  10:28  Baneling  
  198  10:29  Baneling x18  
  200  10:35  Zergling x4  
  200  10:37  Zerg Missile Weapons Level 2  
  199  10:43  Overlord  
  199  10:49  Overlord  
  197  10:51  Adrenal Glands  
  197  10:54  Baneling x3  
  197  10:57  Ravager x3  
  197  11:03  Zergling x20  
  162  11:12  Roach x17  
  162  11:17  Roach x3  
  179  11:24  Corruptor x2  
  179  11:27  Roach x2  
  191  11:33  Ravager x3  
  191  11:37  Ravager x2  
  191  11:38  Ravager, Zergling x20  
  199  11:41  Unknown  
  199  11:44  Spine Crawler  
  199  11:45  Spine Crawler  
  199  11:46  Spine Crawler  
  195  11:50  Zergling x24  
  195  11:53  Ravager x5  
  198  11:55  Ravager  
  198  11:56  Baneling  
  198  11:57  Baneling  
  198  12:00  Zergling x2  
  200  12:05  Baneling x2  
  200  12:06  Baneling x6  
  195  12:11  Baneling x7  
  188  12:19  Zergling x30  
  200  12:26  Baneling  
  200  12:27  Baneling x12  
  200  12:33  Hatchery  
  181  12:39  Zergling x44  
  188  12:45  Zergling x4  
  188  12:47  Baneling x24  
  188  12:50  Zergling x8  
  191  13:03  Roach x3, Zergling x6  
  170  13:13  Roach x7  
  170  13:14  Baneling  
  183  13:28  Roach x3  
  183  13:29  Roach x3  
  183  13:31  Queen x3  
  196  13:43  Hatchery  
  181  13:50  Roach x7  
  181  13:53  Baneling x4  
  198  13:56  Baneling x2  
  198  13:59  Ravager x3  
  196  14:07  Ravager  
  196  14:09  Overseer  
  173  14:19  Zergling x20  
  173  14:20  Hatchery  
  151  14:24  Ravager x4  
  151  14:25  Ravager x6  
  151  14:27  Zergling x4  
  160  14:37  Roach x4  
  167  14:40  Roach  
  157  14:54  Zergling x14  
  157  14:56  Roach  
  145  15:03  Roach x4, Zergling x4  
  151  15:12  Roach x3, Zergling x8  
  138  15:18  Zergling x6  
  139  15:35  Ravager x5  
  136  15:36  Zergling x22  
  136  15:40  Drone  
  136  15:41  Drone x3  
  151  15:44  Hatchery  
  151  15:46  Zergling x12  
  156  15:52  Overseer  
  156  15:54  Zergling x14  
  163  16:01  Baneling x11  
Show
View Real Time Build Order
Export as new Build Order

Cuddlebear Terran 

Build Orders: Reaper Expand 

Get SALT Encoding   

  12  0:00  SCV  
  13  0:12  SCV  
  14  0:17  Supply Depot  
  14  0:24  SCV  
  15  0:39  SCV  
  15  0:42  Barracks  
  16  0:45  Refinery  
  16  0:51  SCV  
  17  1:03  SCV  
  18  1:15  SCV  
  19  1:30  Orbital Command  
  19  1:31  Reaper  
  20  1:40  Command Center  
  20  1:49  Supply Depot  
  20  1:56  SCV  
  21  2:03  Marine  
  21  2:06  Factory  
  22  2:10  SCV  
  22  2:15  Refinery  
  23  2:22  SCV, Marine  
  25  2:33  Bunker  
  25  2:34  SCV  
  26  2:43  Barracks Reactor  
  26  2:47  SCV  
  27  2:52  Hellion  
  27  2:55  Orbital Command  
  29  2:59  SCV  
  29  3:03  Starport  
  30  3:11  SCV  
  31  3:21  SCV  
  31  3:23  SCV  
  31  3:24  Hellion x2  
  37  3:28  Supply Depot  
  37  3:33  SCV  
  38  3:35  SCV  
  39  3:45  Starport Tech Lab, SCV  
  39  3:47  SCV  
  39  3:48  Fusion Core  
  41  3:51  Hellion x2  
  45  3:55  Supply Depot  
  45  3:57  SCV  
  45  3:59  SCV  
  47  4:09  SCV  
  51  4:11  SCV  
  51  4:14  Hellion x2  
  53  4:19  Supply Depot  
  53  4:21  SCV  
  54  4:26  SCV  
  55  4:35  SCV  
  55  4:36  Hellion  
  55  4:37  Hellion  
  55  4:38  Battlecruiser  
  61  4:39  SCV  
  62  4:48  Command Center  
  62  4:49  SCV  
  63  4:53  Refinery  
  63  4:55  Refinery  
  63  4:56  SCV  
  63  4:59  Hellion  
  66  5:01  Hellion  
  66  5:04  SCV  
  69  5:08  SCV  
  70  5:18  Factory  
  70  5:19  Factory  
  70  5:20  Supply Depot  
  70  5:22  SCV x2  
  70  5:23  Hellion  
  70  5:27  Hellion  
  76  5:34  SCV  
  77  5:37  Engineering Bay  
  77  5:39  Armory  
  77  5:41  SCV  
  78  5:46  Hellion  
  74  6:01  SCV  
  75  6:05  Hellion  
  75  6:06  SCV  
  75  6:08  Factory Tech Lab x2  
  75  6:09  Battlecruiser  
  75  6:10  Hellion  
  84  6:14  SCV  
  81  6:19  SCV  
  77  6:27  SCV  
  77  6:29  Orbital Command  
  77  6:30  Terran Vehicle Weapons Level 1  
  77  6:31  SCV  
  77  6:32  Thor  
  84  6:41  Engineering Bay  
  84  6:44  Thor  
  84  6:46  Widow Mine x2  
  88  6:57  Missile Turret  
  88  7:01  Missile Turret  
  88  7:03  Missile Turret  
  82  7:10  Orbital Command, Missile Turret, Widow Mine x2  
  82  7:12  SCV x2  
  84  7:17  Thor  
  84  7:19  Missile Turret  
  90  7:23  Viking, Missile Turret  
  90  7:24  SCV x2  
  94  7:34  Thor  
  94  7:36  SCV  
  101  7:43  Supply Depot  
  101  7:44  Hellion x2, SCV x2  
  101  7:47  Refinery  
  101  7:48  SCV, Refinery  
  108  7:56  SCV  
  109  8:02  SCV x2, Battlecruiser  
  117  8:08  SCV  
  117  8:10  Siege Tank  
  121  8:14  Hellion x2  
  121  8:18  Supply Depot  
  121  8:19  Supply Depot x2  
  125  8:22  SCV x3  
  125  8:23  Siege Tank  
  130  8:34  SCV  
  130  8:35  SCV x2, Supply Depot x2  
  130  8:41  Hellion  
  134  8:42  Hellion  
  136  8:49  Armory, Command Center  
  136  8:56  Factory  
  136  8:58  Factory  
  132  9:11  Siege Tank x2  
  132  9:12  Hellion x2, Missile Turret  
  132  9:15  SCV  
  145  9:21  Command Center, Supply Depot  
  143  9:25  Terran Vehicle Weapons Level 2  
  142  9:41  Hellion x3  
  142  9:42  Hellion x3, Factory Tech Lab, Factory Reactor  
  142  9:43  Hellion, Siege Tank, Mag-Field Accelerator  
  151  9:46  Hellion  
  151  9:52  SCV x2  
  153  9:53  SCV  
  153  9:57  Supply Depot  
  153  9:59  Terran Vehicle And Ship Armor Level 1  
  154  10:04  SCV x2  
  154  10:06  Hellion x2, Siege Tank  
  166  10:10  Cyclone  
  166  10:13  SCV  
  167  10:19  Siege Tank  
  168  10:31  Hellion  
  170  10:38  Siege Tank  
  170  10:40  Command Center  
  170  10:42  Siege Tank  
  176  10:43  Hellion  
  174  10:51  Hellion, Siege Tank  
  174  10:56  Hellion  
  179  11:10  Hellion x2, Siege Tank  
  154  11:13  SCV  
  154  11:14  Hellion, Siege Tank  
  154  11:17  Hellion, SCV x2  
  160  11:23  Siege Tank  
  163  11:26  Command Center  
  163  11:31  Hellion, Battlecruiser  
  163  11:32  Hellion  
  173  11:38  Hellion  
  175  11:42  Siege Tank  
  175  11:46  Siege Tank  
  181  11:58  Hellion x4  
  181  12:00  Supply Depot  
  181  12:01  Supply Depot x2  
  181  12:02  Hellion, Siege Tank  
  184  12:08  Widow Mine x2  
  184  12:19  Siege Tank  
  184  12:20  Hellion x2  
  183  12:24  Hellion  
  185  12:30  Hellion  
  185  12:34  Siege Tank  
  166  12:41  Siege Tank  
  166  12:44  Hellion  
  152  12:45  Hellion  
  151  12:52  Siege Tank  
  151  12:56  SCV x2  
  151  12:58  SCV  
  143  13:06  Hellion, Siege Tank  
  148  13:13  SCV x2  
  150  13:22  Siege Tank  
  150  13:23  SCV  
  154  13:31  Missile Turret  
  154  13:35  SCV  
  154  13:36  SCV  
  156  13:45  SCV  
  156  13:48  SCV x2  
  151  13:55  Hellion, Siege Tank  
  156  13:57  SCV  
  156  14:00  SCV x2  
  157  14:09  SCV  
  158  14:12  SCV x2  
  143  14:18  Hellion, Siege Tank  
  143  14:22  Hellion x2  
  101  14:24  SCV  
  101  14:30  Siege Tank  
  102  14:37  SCV  
  102  14:38  SCV  
  97  14:58  Hellion, Siege Tank  
  81  15:06  Hellion  
  68  15:18  Orbital Command  
  57  15:43  Hellion  
  55  15:52  SCV  
  54  16:04  SCV  
  54  16:07  Refinery  
  54  16:08  Refinery  

Tags
 
Add a new tag
Caveats
  • Supply blocks, unpowered buildings, or Contaminate may cause inaccurate times.
  • Supply counts are checked every 10 seconds.